 Dungeon Crawl Stone Soup version 0.26-a0-739-gf55cbd344a (webtiles) character file.

Game seed: 15660643756373277225

38 marklar909 the Ruffian (level 3, 0/42 HPs)
             Began as a Draconian Transmuter on Nov 6, 2020.
             Succumbed to an adder's poison
             ... on level 2 of the Dungeon.
             The game lasted 00:01:18 (1096 turns).

marklar909 the Ruffian (Draconian Transmuter)       Turns: 1096, Time: 00:01:18

Health: 0/42       AC: 21    Str: 13    XL:     3   Next: 25%
Magic:  6/6        EV:  2    Int: 13    God:
Gold:   82         SH:  0    Dex: 11    Spells: 3/6 levels left

rFire    . . .     SeeInvis .     - Unarmed
rCold    . . .     Faith    .   (no shield)
rNeg     + + +     Spirit   .   (armour unavailable)
rPois    +         Reflect  .   (helmet currently unavailable)
rElec    .         Harm     .   (cloak currently unavailable)
rCorr    .         Rampage  .   (gloves currently unavailable)
MR       .....     NoTele   +   (boots currently unavailable)
Stlth    +.........             (no amulet)
HPRegen  0.14/turn              (no ring)
MPRegen  0.10/turn              (no ring)

@: lethally poisoned (0 -> -11), tree-form
A: unfitting armour, blurry vision 1, wild magic 1, AC +5
a: no special abilities


You were on level 2 of the Dungeon.
You were a tree.
You visited 1 branch of the dungeon, and saw 2 of its levels.

You collected 82 gold pieces.

Inventory:

Jewellery
 d - a cursed ring of attention {unknown}
 g - a +6 ring of dexterity {unknown}
Scrolls
 a - 3 scrolls of identify {unknown}
 b - 2 scrolls of remove curse {unknown}
 c - a scroll of magic mapping {unknown}
 h - a scroll of teleportation {unknown}
 i - a scroll of noise {unknown}


   Skills:
 + Level 1.1 Fighting
 + Level 1.9 Dodging
 + Level 0.7 Stealth
 + Level 3.7 Unarmed Combat
 + Level 2.2 Spellcasting
 + Level 2.3 Transmutations


You had 3 spell levels left.
You knew the following spells:

 Your Spells              Type           Power        Failure   Level
a - Beastly Appendage     Tmut           #.....       14%         1
b - Wereblood             Tmut           #.......     21%         2

Your spell library contained the following spells:

 Spells                   Type           Power        Failure   Level
 Spider Form              Tmut/Pois      #.........   50%         3
 Ice Form                 Ice/Tmut       #.......     88%         4
 Blade Hands              Tmut           #.........   97%         5


Dungeon Overview and Level Annotations

Branches:
Dungeon (2/15)

Altars:


Innate Abilities, Weirdness & Mutations

((Your plain brown scales are hard. (AC +5)))
You cannot fit into any form of body armour.
((You are cold-blooded and may be slowed by cold attacks.))
Scrolls take you a little longer to read.
Your spells are a little harder to cast, but a little more powerful.


Message History

You feel sick. The adder barely misses you. The goblin closely misses you.
Unknown command.
It was a potion of lignification.
Your horns disappear.
Your talons disappear.
You turn into a tree.
Your roots penetrate the ground.
* * * LOW HITPOINT WARNING * * *
You feel sick. The adder bites you but does no damage.
The goblin hits you but does no damage. The adder bites you but does no damage.
You smack the adder!
You kill the adder!
* * * LOW HITPOINT WARNING * * *
You feel sick. The goblin hits you but does no damage.
You barely miss the adder.
The adder is lightly wounded.
* * * LOW HITPOINT WARNING * * *
You feel sick. The adder bites you but does no damage.
The goblin hits you but does no damage. The adder bites you but does no damage.
You barely miss the adder.
The adder is lightly wounded.
You die...

............$##
............#
..[.........# ###.
............# #....
............##..#..
.................
.(.............#
..........##..##
#####.$.#.♣S..#
#..##g##..# #......
..^# #.....###....
...#.### #..#..
#..#. #.# . # .. ..
.. ##


You could see an adder and a goblin.

Vanquished Creatures
  An adder (D:2)
  An ooze (D:1)
  2 dart slugs
  A leopard gecko (D:1)
  2 goblins (D:1)
  2 hobgoblins
  6 bats
  2 frilled lizards (D:1)
  3 kobolds (D:1)
  3 rats (D:1)
23 creatures vanquished.

Notes
Turn   | Place    | Note
-------+----------+-------------------------------------------
     0 | D:1      | marklar909 the Draconian Transmuter began the quest for the
                  | Orb.
     0 | D:1      | Reached XP level 1. HP: 16/16 MP: 3/3
   224 | D:1      | Reached XP level 2. HP: 23/23 MP: 3/5
   347 | D:1      | Learned a level 2 spell: Wereblood
   933 | D:2      | Reached XP level 3. HP: 19/28 MP: 4/6
  1092 | D:2      | Gained mutation: Scrolls take you a little longer to read.
                  | [potion of mutation]
  1092 | D:2      | Gained mutation: Your spells are a little harder to cast,
                  | but a little more powerful. [potion of mutation]
  1093 | D:2      | HP: 2/42 [poisoned by an adder]
  1096 | D:2      | Succumbed to an adder's poison

Illustrated notes

Levels and vault maps discovered:
D:1:      denvon_arrival_planthouse, layout_loops_ring,
          ebering_dispersal_statue_hall
D:2:      layout_rooms, minmay_pentomino_r4

Action                   || total
-------------------------++-------
Melee: Unarmed           ||    76
       Kick              ||     9
       Tailslap          ||     7
       Headbutt          ||     4
       Punch             ||     1
 Cast: Beastly Appendage ||    16
  Use: Potion            ||     2
 Stab: Sleeping          ||     1
Armor: Skin              ||    38
Dodge: Dodged            ||    70

Table legend: (Time is in decaauts)
 A = Elapsed time spent in this place.
 B = Non-inter-level travel time spent in this place.
 C = Inter-level travel time spent in this place.
 D = Time resting spent in this place.
 E = Time spent auto-exploring this place.
 F = Levels seen in this place.
 G = Mean time per level.
                   A        B        C        D        E       F      G
               +--------+--------+--------+--------+--------+-----+--------+
         Total |   1091 |   1064 |     27 |      0 |    887 |   2 |  545.5 |
       Dungeon |   1091 |   1064 |     27 |      0 |    887 |   2 |  545.5 |
               +--------+--------+--------+--------+--------+-----+--------+

Top non-repeatable levels by time:
     D:1: 921 daAuts
     D:2: 170 daAuts
